Map: [ESL] Oceanborn

Players

MacSed

  • Race: Protoss Protoss
  • Spawn Location: 11:00

Coffee - Winner!

  • Race: Terran Terran
  • Spawn Location: 5:00

Event: ESL SC2 Masters 2024 Spring (Regional)

VOD

Have the link to the VOD?

Description

Time

  • Played on: April 10, 2024, 7:58 a.m.
  • Length: 12:54

All games in this series

Show
View Real Time Build Order
Export as new Build Order

MacSed Protoss 

Build Orders:  

Get SALT Encoding   

  12  0:00  Probe  
  13  0:12  Probe  
  14  0:17  Pylon  
  14  0:24  Probe (Chrono Boost)  
  15  0:36  Probe (Chrono Boost), Gateway  
  16  0:44  Probe (Chrono Boost)  
  16  0:45  Assimilator  
  17  0:51  Probe  
  18  1:03  Probe  
  19  1:15  Probe  
  20  1:25  Zealot, Cybernetics Core  
  21  1:41  Probe  
  21  1:42  Assimilator  
  22  1:52  Pylon  
  22  1:53  Probe  
  23  2:05  Shield Battery  
  23  2:07  Warp Gate, Stalker (Chrono Boost)  
  23  2:10  Probe  
  26  2:22  Probe  
  25  2:30  Stalker  
  25  2:34  Probe  
  25  2:35  Robotics Facility  
  28  2:49  Gateway x2  
  28  2:52  Gateway  
  28  3:01  Pylon  
  28  3:05  Stalker  
  30  3:19  Warp Prism (Chrono Boost)  
  32  3:29  Pylon  
  32  3:56  Stalker x4  
  32  3:59  Observer  
  40  4:06  Pylon  
  41  4:20  Stalker  
  43  4:31  Stalker  
  43  4:32  Stalker x2  
  47  4:39  Observer  
  47  4:41  Probe  
  29  4:59  Stalker  
  27  5:11  Probe  
  24  5:24  Probe (Chrono Boost)  
  25  5:35  Probe (Chrono Boost)  
  26  5:40  Probe (Chrono Boost)  
  27  5:48  Twilight Council  
  27  5:50  Probe  
  28  5:58  Observer  
  28  6:02  Probe  
  21  6:11  Warp Prism (Chrono Boost)  
  21  6:15  Probe (Chrono Boost)  
  25  6:26  Probe (Chrono Boost)  
  25  6:27  Dark Shrine  
  25  6:30  Probe (Chrono Boost)  
  25  6:33  Observer  
  25  6:38  Stalker  
  27  6:43  Probe  
  28  6:55  Probe  
  29  7:07  Probe  
  30  7:15  Observer  
  30  7:22  Nexus  
  30  7:28  Probe  
  31  7:38  Dark Templar  
  31  7:41  Dark Templar  
  34  7:56  Pylon  
  34  7:58  Probe  
  33  8:03  Blink (Chrono Boost)  
  31  8:10  Probe  
  32  8:16  Observer  
  30  8:22  Probe  
  30  8:23  Stalker x2  
  36  8:34  Probe x2  
  36  8:46  Probe x2  
  38  8:50  Stalker  
  35  8:58  Probe  
  35  9:00  Stalker  
  38  9:04  Probe  
  39  9:12  Probe  
  39  9:16  Probe  
  41  9:20  Stalker  
  43  9:36  Probe  
  44  9:44  Probe  
  44  9:50  Stalker x3  
  50  9:58  Stalker  
  50  9:59  Probe  
  53  10:02  Observer  
  53  10:04  Probe  
  55  10:12  Probe  
  56  10:15  Charge (Chrono Boost)  
  56  10:18  Probe  
  57  10:23  Pylon  
  58  10:34  Nexus  
  57  10:36  Probe x2  
  59  10:46  Stalker  
  59  10:48  Probe  
  59  10:49  Probe  
  63  11:01  Gateway  
  63  11:02  Gateway  
  63  11:06  Gateway  
  61  11:16  Stalker x2  
  57  11:18  Zealot  
  58  11:32  Zealot  
  58  11:36  Shield Battery  
  58  11:42  Zealot x2  
  58  11:43  Zealot  
  64  11:53  Zealot  
  66  11:56  Zealot x2  
  65  12:07  Stalker x2  
  65  12:08  Stalker  
  42  12:18  Zealot x2  
  46  12:28  Zealot x2  
  43  12:34  Stalker x2  
  42  12:40  Zealot  
  40  12:46  Zealot  
Show
View Real Time Build Order
Export as new Build Order

Coffee Terran - Winner!

Build Orders:  

Get SALT Encoding   

  12  0:00  SCV  
  13  0:12  SCV  
  14  0:17  Supply Depot  
  14  0:24  SCV  
  15  0:38  Barracks  
  15  0:42  SCV  
  16  0:45  Refinery  
  16  0:54  SCV  
  16  0:56  Refinery  
  17  1:06  SCV  
  18  1:19  SCV  
  19  1:26  Reaper  
  19  1:31  Orbital Command  
  20  1:38  Bunker  
  20  1:46  Factory  
  20  1:52  Supply Depot  
  20  1:57  SCV  
  20  2:01  Reaper  
  22  2:09  SCV  
  23  2:21  SCV  
  24  2:33  SCV  
  24  2:36  Factory Reactor  
  25  2:37  Command Center  
  25  2:45  Supply Depot  
  25  2:46  SCV  
  26  2:54  Starport  
  27  2:58  SCV  
  27  3:10  SCV  
  28  3:14  Widow Mine x2  
  32  3:20  Supply Depot  
  32  3:23  SCV  
  33  3:30  Medivac  
  35  3:35  SCV  
  35  3:36  Widow Mine  
  38  3:41  Widow Mine  
  38  3:48  SCV  
  41  3:52  Barracks, Orbital Command  
  41  4:02  Viking  
  43  4:06  Marine  
  43  4:07  Marine  
  43  4:09  Factory Tech Lab  
  45  4:19  Bunker  
  45  4:25  Marine x2  
  45  4:27  Siege Tank  
  45  4:43  Marine x2  
  23  5:09  Viking  
  22  5:20  SCV  
  17  5:30  SCV  
  18  5:42  Marine x2  
  18  5:44  SCV  
  18  5:49  SCV  
  22  5:56  SCV  
  21  6:05  Marine  
  21  6:06  SCV  
  21  6:08  SCV  
  24  6:18  SCV  
  24  6:20  SCV  
  24  6:23  Marine x2  
  28  6:31  SCV  
  29  6:35  Medivac  
  29  6:36  SCV  
  32  6:43  SCV  
  32  6:45  Marine x2  
  35  7:00  SCV x2  
  37  7:10  Siege Tank  
  37  7:14  SCV  
  41  7:23  Marine x2  
  41  7:29  SCV  
  44  7:45  SCV  
  45  7:57  Starport Tech Lab  
  43  8:06  SCV x2  
  43  8:07  Raven  
  45  8:18  SCV x2  
  45  8:19  Factory Tech Lab  
  45  8:33  SCV  
  44  8:40  Marine x2  
  46  8:46  SCV  
  47  8:53  SCV  
  48  9:03  Siege Tank, Orbital Command  
  48  9:09  SCV  
  52  9:24  Supply Depot  
  52  9:31  SCV x2  
  52  9:38  Banshee  
  53  9:44  SCV  
  53  9:45  SCV  
  55  9:50  Marine x2  
  55  9:56  Supply Depot  
  55  9:57  SCV  
  56  10:01  SCV  
  56  10:06  Siege Tank  
  60  10:09  SCV  
  60  10:13  Marine  
  62  10:17  Marine  
  62  10:18  SCV  
  62  10:20  Supply Depot  
  64  10:24  Banshee  
  67  10:29  SCV  
  67  10:30  SCV  
  69  10:36  Supply Depot  
  69  10:43  Siege Tank  
  69  10:46  SCV x2  
  74  10:50  Engineering Bay  
  74  10:51  Supply Depot, Marine x2  
  75  11:09  Marine  
  74  11:15  Siege Tank, Marine  
  74  11:16  Banshee  
  74  11:17  SCV x2  
  80  11:22  Missile Turret  
  78  11:26  Marine  
  78  11:33  Marine  
  78  11:38  SCV x2  
  79  11:41  Supply Depot, Command Center  
  79  11:44  Marine  
  80  11:47  Barracks  
  80  11:51  Marine  
  76  12:02  Marine  
  76  12:06  Siege Tank, Banshee  
  76  12:07  SCV  
  84  12:08  Marine  
  79  12:15  SCV  
  79  12:20  SCV, Refinery, Marine  
  78  12:23  Barracks  
  78  12:26  Marine  
  73  12:37  SCV x2  
Tags
 
Add a new tag
Caveats
  • Supply blocks, unpowered buildings, or Contaminate may cause inaccurate times.
  • Supply counts are checked every 10 seconds.